AoeStats
← dashuaibi

Arena

508641537Analyzed
4v4 RM · 9d ago on Sep 23, 2026· 59m 24s· 8 players
Game mode
Random Map
Map size
Large (8 player)
Population
200
Speed
Normal
Resources
Standard
Victory
Conquest
Starting age
Dark Age
Ending age
Imperial Age
RankedLock teamsTeams togetherTeam positionsShared explorationLock speedFull tech treeHidden civsTurbo modeCheats
Victory
Defeat
🇮🇹 Cumans · Italy
1505
+9
🇮🇹 Italians · Italy
1431
+12
🇮🇹 Danes · Italy
1318
+16
🇮🇹 Bohemians · Italy
1287
+17
🇨🇳 Huns · China
1347
-14
🇦🇷 Cumans · Argentina
1342
-14
🇨🇳 Byzantines · China
1335
-14
🇯🇵 Aztecs · Japan
1297
-12
dashuaibi
10:26 Feudal Age
14:54 Castle Age
13:25 Double-Bit Axe
13:37 Horse Collar
18:43 Loom
21:22 Bow Saw
22:37 Wheelbarrow
22:17 Heavy Plow
23:00 Gold Mining
27:17 Imperial Age
25:46 Gold Shaft Mining
25:38 Scale Barding Armor
26:22 Forging
27:07 Husbandry
27:48 Hand Cart
28:50 Chain Barding Armor
29:34 Chemistry
29:13 Crop Rotation
30:59 Two-Man Saw
30:49 Plate Barding Armor
30:49 Iron Casting
30:05 Fletching
30:41 Ballistics
33:19 Fortified Wall
33:04 Murder Holes
33:34 Bodkin Arrow
35:42 Hoardings
36:52 Scale Mail Armor
36:53 Bracer
36:54 Padded Archer Armor
36:58 Squires
36:44 Gambesons
36:44 Arson
36:20 Pikeman
39:23 Thumb Ring
38:38 Elite Skirmisher
40:15 Leather Archer Armor
40:31 Stone Mining
42:21 Ring Archer Armor
41:53 Halberdier
43:30 Chain Mail Armor
44:29 Conscription
47:05 Light Cavalry
48:11 Hussar
poplin
10:21 Feudal Age
11:37 Double-Bit Axe
13:55 Castle Age
12:08 Horse Collar
14:58 Bow Saw
16:14 Forging
23:11 Wheelbarrow
22:23 Loom
23:09 Stone Mining
24:18 Hand Cart
24:57 Stone Shaft Mining
28:49 Imperial Age
26:23 Scale Mail Armor
26:44 Squires
26:30 Gambesons
26:30 Eagle Warrior
26:56 Arson
28:26 Forging
28:31 Chain Mail Armor
28:20 Gold Mining
29:57 Iron Casting
29:08 Elite Eagle Warrior
29:26 Capped Ram
30:36 Conscription
31:45 Plate Mail Armor
32:19 Blast Furnace
31:45 Garland Wars
32:07 Siege Ram
32:18 Siege Ram
33:23 Siege Engineers
35:54 Onager
37:54 Chemistry
38:21 Caravan
37:56 Siege Onager
39:01 Siege Onager
42:02 Fletching
42:12 Padded Archer Armor
42:06 Elite Skirmisher
42:09 Crossbowman
43:12 Arbalester
44:18 Bodkin Arrow
44:39 Leather Archer Armor
45:59 Bracer
52:09 Ballistics
51:30 Treadmill Crane
54:36 Fortified Wall
56:23 Atlatl
779567130
8:34 Feudal Age
11:24 Double-Bit Axe
13:50 Horse Collar
24:48 Castle Age
22:37 Town Watch
23:36 Scale Barding Armor
24:11 Stone Mining
24:14 Gold Mining
24:40 Bloodlines
25:03 Forging
26:31 Chain Barding Armor
27:24 Wheelbarrow
26:35 Loom
27:49 Iron Casting
28:30 Capped Ram
32:09 Hand Cart
32:59 Bow Saw
33:06 Heavy Plow
33:44 Gold Shaft Mining
35:57 Imperial Age
34:46 Stone Mining
34:37 Pikeman
35:18 Squires
35:03 Arson
35:20 Scale Mail Armor
36:28 Chain Mail Armor
36:06 Halberdier
38:07 Blast Furnace
37:40 Plate Mail Armor
37:47 Plate Barding Armor
37:08 Siege Ram
38:42 Light Cavalry
39:22 Hussar
45:32 Town Patrol
47:21 Two-Man Saw
46:53 Crop Rotation
46:51 Caravan
47:22 Coinage
47:02 Guilds
48:12 Conscription
47:57 Steppe Husbandry
51:48 Fletching
53:25 Bodkin Arrow
53:44 Masonry
53:55 Ballistics
54:35 Chemistry
53:32 Murder Holes
54:40 Cavalier
55:45 Cuman Mercenaries
58:30 Elite Kipchak
烤乳猪
10:15 Feudal Age
14:43 Castle Age
13:56 Double-Bit Axe
14:57 Fletching
15:34 Bow Saw
17:34 Gold Mining
17:45 Bodkin Arrow
26:39 Wheelbarrow
26:27 Bloodlines
27:31 Husbandry
27:28 Horse Collar
28:39 Ballistics
30:04 Hand Cart
29:55 Padded Archer Armor
30:48 Thumb Ring
36:40 Imperial Age
35:17 Gold Shaft Mining
35:33 Heavy Plow
36:09 Loom
37:26 Bracer
38:32 Chemistry
38:02 Parthian Tactics
37:00 Heavy Cavalry Archer
40:33 Two-Man Saw
40:24 Leather Archer Armor
42:52 Town Watch
45:03 Masonry
49:59 Scale Barding Armor
50:04 Forging
49:59 Scale Barding Armor
50:05 Forging
51:29 Stone Mining
51:56 Light Cavalry
52:59 Chain Barding Armor
53:14 Iron Casting
52:59 Chain Barding Armor
53:14 Iron Casting
53:04 Hussar
55:02 Plate Barding Armor
56:30 Blast Furnace
Spada_Arancio
11:26 Feudal Age
15:47 Castle Age
14:43 Horse Collar
14:51 Double-Bit Axe
19:21 Fletching
28:52 Fortified Wall
32:19 Fervor
36:47 Imperial Age
35:47 Town Watch
36:28 Ballistics
36:19 Elite Skirmisher
38:04 Bodkin Arrow
40:35 Chemistry
45:40 Padded Archer Armor
46:42 Bracer
48:10 Conscription
56:59 Squires
57:38 Pikeman
Dr.Stone
10:58 Feudal Age
14:43 Castle Age
12:49 Double-Bit Axe
13:35 Horse Collar
15:54 Bow Saw
15:51 Heavy Plow
21:21 Wheelbarrow
23:29 Gold Mining
25:07 Gold Shaft Mining
25:17 Hand Cart
24:51 Loom
25:30 Scale Mail Armor
25:40 Forging
28:18 Imperial Age
26:21 Forging
27:01 Pikeman
27:42 Squires
27:27 Arson
29:28 Chain Mail Armor
29:49 Iron Casting
29:09 Stone Mining
29:51 Ballistics
30:32 Chemistry
29:02 Halberdier
29:48 Elite Varangian Guard
31:00 Plate Mail Armor
31:26 Stone Shaft Mining
30:36 Heavy Scorpion
34:38 Blast Furnace
36:37 Town Watch
43:54 Gambesons
47:48 Town Patrol
53:37 Caravan
HSL | Faquilanoob
8:48 Feudal Age
9:38 Double-Bit Axe
11:47 Horse Collar
16:24 Wheelbarrow
19:59 Castle Age
19:59 Scale Barding Armor
20:06 Bloodlines
20:35 Forging
20:28 Gold Mining
21:12 Hand Cart
21:33 Bow Saw
23:30 Town Watch
23:57 Heavy Plow
27:10 Gold Shaft Mining
28:39 Loom
31:36 Imperial Age
29:52 Iron Casting
29:37 Chain Barding Armor
33:14 Plate Barding Armor
32:07 Cavalier
34:05 Paladin
35:35 Crop Rotation
37:18 Blast Furnace
36:08 Fletching
37:52 Devotion
39:18 Bodkin Arrow
40:27 Chemistry
39:58 Light Cavalry
41:41 Stone Mining
42:13 Padded Archer Armor
43:51 Parthian Tactics
43:43 Leather Archer Armor
44:38 Conscription
44:34 Thumb Ring
45:01 Ring Archer Armor
44:19 Hussar
46:07 Two-Man Saw
45:48 Elite Kipchak
48:41 Ballistics
57:25 Caravan
Monesi28
10:41 Feudal Age
12:26 Loom
14:47 Castle Age
12:50 Double-Bit Axe
13:12 Horse Collar
15:53 Bow Saw
15:47 Heavy Plow
15:36 Loom
17:41 Wheelbarrow
22:00 Gold Mining
22:07 Town Watch
26:34 Imperial Age
25:27 Fortified Wall
25:55 Stone Mining
26:25 Padded Archer Armor
26:16 Fletching
27:06 Scale Mail Armor
28:19 Chemistry
27:34 Bodkin Arrow
27:55 Leather Archer Armor
29:15 Bracer
31:01 Conscription
31:25 Ring Archer Armor
31:57 Masonry
36:22 Chain Mail Armor
36:17 Forging
37:02 Squires
36:48 Arson
37:34 Plate Mail Armor
39:11 Iron Casting
39:32 Pirotechnia
39:58 Hoardings
40:40 Two-Man Saw
41:00 Crop Rotation
43:22 Blast Furnace
44:12 Silk Road
45:18 Ballistics
45:28 Architecture
44:54 Murder Holes
47:52 Elite Skirmisher
49:08 Bloodlines
48:59 Husbandry
49:03 Light Cavalry
52:24 Scale Barding Armor
53:54 Pikeman
56:32 Chain Barding Armor
57:44 Hand Cart
57:30 Arrowslits
57:36 Guard Tower
58:12 Hussar
Connection lost

Rejoining the realm…

Still unreachable

The connection could not be restored.

Session expired

The server has moved on; the page needs a fresh start.